Cogmind - Beta 17 @@@ ROGUE MODE // 2026.07.06 @ 19:35:36 Player: kite Result: Self-destructed Performance ------------- Evolutions (2) 1000 Regions Visited (5) 1000 Robots Destroyed (41) 205 Value Destroyed (727) 727 Prototype IDs (26) 520 Alien Tech Used (0) 0 Bonus (410) 410 TOTAL SCORE: 3862 Bonus ------- Follower Combat Kills 110 Aligned with FarCom 300 Cogmind --------- Core Integrity 550/550 Matter 265/300 Energy 125/125 System Corruption 0% Temperature Warm (148) Movement Core (850) Ox16 Location -8/Materials Parts ------- > --- POWER (1) -------- Light Ion Engine > --- PROPULSION (4) --- (None) > --- UTILITY (2) ------ High-capacity Storage Unit Core Shielding > --- WEAPON (4) ------- EM Pulse Gun Light Assault Rifle Enhanced Autogun > --- INVENTORY (20) --- Light Ion Engine Light Treads Aluminum Leg Aluminum Leg Aluminum Leg Aluminum Leg Aluminum Leg High-capacity Storage Unit Medium Matter Pod (100) High-capacity Matter Pod (200) Core Shielding Core Shielding Core Shielding Particle Gun Light Assault Rifle XL Autogun Array Rocket Launcher Peak State ------------ > --- POWER ------------ Light Ion Engine > --- PROPULSION ------- Light Treads Light Treads > --- UTILITY ---------- High-capacity Storage Unit Core Shielding > --- WEAPON ----------- EM Pulse Gun Light Assault Rifle Enhanced Autogun > --- INVENTORY -------- Light Ion Engine Light Treads Aluminum Leg Aluminum Leg Aluminum Leg Aluminum Leg Aluminum Leg High-capacity Storage Unit Medium Matter Pod High-capacity Matter Pod Core Shielding Core Shielding Core Shielding Particle Gun Light Assault Rifle XL Autogun Array Rocket Launcher [Rating: 16] Favorites ----------- Power Light Ion Engine Engine Light Ion Engine Propulsion Light Treads Treads Light Treads Utility High-capacity Storage Unit Storage High-capacity Storage Unit Protection Core Shielding Weapon Light Assault Rifle Energy Gun EM Pulse Gun Ballistic Gun Light Assault Rifle Build | -11 -10 -10 -10 -9 -8 ------- Run | Yrd Mat Min Exi Min Mat Slots Evolved 4 | . . . . . 4 Power . | . . . . . . Propulsion 2 | . . . . . 2 Utility . | . . . . . . Weapon 2 | . . . . . 2 Parts Attached 18 | 6 8 2 1 . 1 Power 3 | 1 1 1 . . . Engine 3 | 1 1 1 . . . Core . | . . . . . . Reactor . | . . . . . . Propulsion 3 | 2 1 . . . . Treads 3 | 2 1 . . . . Leg . | . . . . . . Wheel . | . . . . . . Hover . | . . . . . . Flight . | . . . . . . Utility 6 | 1 4 . 1 . . Device . | . . . . . . Storage 4 | 1 2 . 1 . . Processor . | . . . . . . Hackware . | . . . . . . Protection 2 | . 2 . . . . Artifact . | . . . . . . Weapon 6 | 2 2 1 . . 1 Energy Gun 2 | . 1 1 . . . Energy Cannon . | . . . . . . Ballistic Gun 4 | 2 1 . . . 1 Ballistic Cannon . | . . . . . . Launcher . | . . . . . . Special Weapon . | . . . . . . Impact Weapon . | . . . . . . Slashing Weapon . | . . . . . . Piercing Weapon . | . . . . . . Special Melee Weapon . | . . . . . . Unidentified Prototypes 1 | . . . . . 1 Parts Lost 7 | . 3 2 . . 2 Power 2 | . 1 1 . . . Propulsion 2 | . . . . . 2 Utility . | . . . . . . Weapon 3 | . 2 1 . . . Highest Loss Streak 2 | . 2 1 . . 2 To Critical Strikes . | . . . . . . Average Backups 12 | 2 6 13 16 17 17 Power . | . . . 1 1 1 Propulsion 5 | . 4 5 6 6 6 Utility 4 | . 1 5 6 6 6 Weapon 2 | . . 2 3 4 4 Tool/Special . | . . . . . . Unused Backups 16 | . . . . . 16 Power 1 | . . . . . 1 Propulsion 5 | . . . . . 5 Utility 6 | . . . . . 6 Weapon 4 | . . . . . 4 Tool/Special . | . . . . . . Average Slot Usage (%) 97 | . 94 99 100 100 65 Engine 13 | . 13 13 14 14 9 Treads 27 | . 27 28 28 28 16 Storage 13 | . 14 14 14 14 9 Protection 12 | . 10 14 14 14 9 Energy Gun 10 | . 3 13 14 14 9 Ballistic Gun 16 | . 23 14 14 14 12 Peak Build Rating 16 | 6 8 8 12 12 16 Average Rating 8 | 4 6 7 10 12 13 On Entrance 7 | . 6 8 8 12 12 Avg Prop Armor Cover (%) . | . . . . . . Naked Turns . | . . . . . . Heaviest Build 50 | 13 49 49 47 47 50 Greatest Support 40 | 40 40 40 40 40 40 Greatest Overweight (x) 1 | . 1 1 1 1 1 Average Overweight (x) . | . . 1 1 1 1 Largest Inventory Capacity 20 | 8 20 20 20 20 20 Average Capacity 17 | 7 13 20 20 20 20 Most Carried 20 | 4 10 16 20 20 20 Average Carried 13 | 2 6 13 18 20 20 Final Capacity 20 | 8 20 20 20 20 20 Final Carried 20 | 4 10 16 20 20 20 Class Distribution -------------------- 98% | Mutant Dominant Class ---------------- Mutant | -10/Materials Mutant | -10/Mines Mutant | -10/Exiles Mutant | -9/Mines Mutant | -8/Materials Resources | -11 -10 -10 -10 -9 -8 ----------- Run | Yrd Mat Min Exi Min Mat Matter Collected 770 | 50 611 96 . 10 3 Remotely . | . . . . . . Salvage Created 1236 | . 887 223 . . 126 Parts 83 | . 47 30 . . 6 Haulers Intercepted 2 | . 2 . . . . Recyclers Shooed 4 | . 3 1 . . . Parts Field Recycled . | . . . . . . Retrieved Matter . | . . . . . . Parts Self-Destructed . | . . . . . . Prevented . | . . . . . . Parts Restored . | . . . . . . Kills | -11 -10 -10 -10 -9 -8 ------- Run | Yrd Mat Min Exi Min Mat Combat Hostiles Destroyed 26 | . 16 8 . . 2 Guns 24 | . 16 6 . . 2 AOE 2 | . . 2 . . . Classes Destroyed 8 | . 6 1 . . 1 Worker 7 | . 5 2 . . . Builder 1 | . . 1 . . . Hauler 2 | . 2 . . . . Recycler 2 | . 2 . . . . Operator 1 | . . . . . 1 Watcher 2 | . 2 . . . . Swarmer 12 | . 6 6 . . . Grunt 14 | . 10 2 . . 2 Best Kill Streak 6 | . 6 4 . . 2 Combat Bots Only 6 | . 6 3 . . 2 Max Kills in Single Turn 4 | . 2 4 . . 1 Gunslinging . | . . . . . . Exploded 2 | . . 2 . . . Melee . | . . . . . . Uniques/NPCs Destroyed . | . . . . . . Combat | -11 -10 -10 -10 -9 -8 -------- Run | Yrd Mat Min Exi Min Mat Hostile Shots Fired 140 | . 87 39 . . 14 Missed 38 | . 21 9 . . 8 Hits 102 | . 66 30 . . 6 Projectile 102 | . 66 30 . . 6 Damage Taken 1113 | . 745 275 . . 93 Core 170 | . 128 42 . . . Absorbed by Shields . | . . . . . . Redirected to Shielding 54 | . 47 7 . . . Core Remaining (%) 66 | 100 . . . 32 . Volleys Fired 130 | 1 94 25 . 1 9 Largest 3 | 2 2 2 . 2 3 Hottest 85 | 40 60 60 . 60 85 Shots Fired 254 | 2 176 49 . 2 25 Gun 254 | 2 176 49 . 2 25 Cannon . | . . . . . . Launcher . | . . . . . . Special . | . . . . . . Kinetic 200 | 2 156 25 . 1 16 Thermal . | . . . . . . Explosive . | . . . . . . Electromagnetic 54 | . 20 24 . 1 9 Robot Hit Streak 13 | . 13 6 . . 5 Robot Miss Streak 4 | . 4 4 . . 4 Penetration Max . | . . . . . . Secondary Targets 3 | . 1 2 . . . Max Gunslinging Chain 1 | . 1 1 . . . Shots Hit Robots 146 | . 107 23 . . 16 Core Hits 65 | . 43 15 . . 7 Critical Kills . | . . . . . . Critical Parts Destroyed 1 | . 1 . . . . Critical Strikes 1 | . 1 . . . . Destroy 1 | . 1 . . . . Melee Attacks . | . . . . . . Impact . | . . . . . . Slashing . | . . . . . . Piercing . | . . . . . . Sneak Attacks . | . . . . . . Combat Hostiles . | . . . . . . Follow-up Attacks . | . . . . . . Damage Inflicted 1869 | . 1198 429 . . 242 Guns 1658 | . 1158 258 . . 242 Cannons . | . . . . . . Explosions 211 | . 40 171 . . . Melee . | . . . . . . Ramming . | . . . . . . Kinetic 1207 | . 970 99 . . 138 Thermal 211 | . 40 171 . . . Explosive . | . . . . . . Electromagnetic 451 | . 188 159 . . 104 Impact . | . . . . . . Slashing . | . . . . . . Piercing . | . . . . . . Highest Corruption . | . . . . . . Average Corruption . | . . . . . . Corruption Purged . | . . . . . . Corruption Blocked . | . . . . . . Overload Shots . | . . . . . . Overflow Damage . | . . . . . . Projectiles . | . . . . . . Explosions . | . . . . . . Melee . | . . . . . . Knockbacks . | . . . . . . Impact . | . . . . . . Kinetic . | . . . . . . Secondary . | . . . . . . Self-Inflicted Damage 22 | . 8 14 . . . Shots 2 | . 1 1 . . . Rammed . | . . . . . . Targets Rammed . | . . . . . . Kicked . | . . . . . . Crushed . | . . . . . . Highest Temperature 174 | . 52 76 . 20 174 Average Temperature 25 | . 11 26 . 15 82 Received Heat Transfer 447 | . 354 39 . . 54 Siege Activations . | . . . . . . Martial Activations . | . . . . . . Shielding Activations . | . . . . . . Robots Disrupted . | . . . . . . Combat Hostiles . | . . . . . . Robots Corrupted . | . . . . . . Combat Hostiles . | . . . . . . Parts Fried . | . . . . . . Impact Corruptions . | . . . . . . Robots Melted . | . . . . . . Combat Hostiles . | . . . . . . Parts Melted . | . . . . . . Heat Transferred 200 | . 50 150 . . . Parts Sabotaged . | . . . . . . Parts Stolen . | . . . . . . Parts Stripped . | . . . . . . Power Chain Reactions 2 | . 1 1 . . . Alert | -11 -10 -10 -10 -9 -8 ------- Run | Yrd Mat Min Exi Min Mat Maximum Alert Level 1 | . 1 . . . . Low Security (%) 87 | 100 60 100 . 100 100 Level 1 12 | . 39 . . . . Level 2 . | . . . . . . Level 3 . | . . . . . . Level 4 . | . . . . . . Level 5 . | . . . . . . High Security . | . . . . . . Max Security . | . . . . . . Peak Influence 257 | . 257 90 . . 34 Initial 90 | . . 90 . . . Average 47 | . 128 15 . . 3 Influence Increases 997 | . 619 302 . . 76 Destroy 0b10 Robot/C 600 | . 320 240 . . 40 Destroy 0b10 Robot/NC 75 | . 55 15 . . 5 Destroy Leader 128 | . 78 30 . . 20 Allied During Kill 14 | . . 10 . . 4 Successful Hack 26 | . 13 6 . . 7 Destroy Structure 4 | . 3 1 . . . Lose Combat Pursuer 150 | . 150 . . . . Influence Decreases 977 | . 388 491 42 . 56 Entered New Map 183 | . . 141 42 . . Time Decay 672 | . 358 298 . . 16 Lost Part 70 | . 30 20 . . 20 Lost Ally 52 | . . 32 . . 20 Squads Dispatched 4 | . 3 . . . 1 Investigation 2 | . 2 . . . . Extermination . | . . . . . . Reinforcement 2 | . 1 . . . 1 Assault . | . . . . . . Garrison . | . . . . . . Intercept . | . . . . . . Searches Triggered . | . . . . . . Construction Impeded . | . . . . . . Haulers Reinforced . | . . . . . . Active Scanning Responses . | . . . . . . Cargo Convoy Interrupts . | . . . . . . Stealth | -11 -10 -10 -10 -9 -8 --------- Run | Yrd Mat Min Exi Min Mat Distress Signals 1 | . 1 . . . . Communications Jammed . | . . . . . . Distress Signals . | . . . . . . Times Spotted 51 | . 34 10 . . 7 Peak Tracking Total 6 | . 6 3 . . 4 Tactical Retreats 7 | . 7 . . . . Traps | -11 -10 -10 -10 -9 -8 ------- Run | Yrd Mat Min Exi Min Mat Traps Triggered 4 | . 4 . . . . Indirectly . | . . . . . . Trap Hack Attempts . | . . . . . . Triggered . | . . . . . . Disarmed . | . . . . . . Reprogrammed . | . . . . . . Reused . | . . . . . . Traps Extracted . | . . . . . . Installed . | . . . . . . Triggered . | . . . . . . Machines | -11 -10 -10 -10 -9 -8 ---------- Run | Yrd Mat Min Exi Min Mat Machines Disabled . | . . . . . . Max in Single Turn . | . . . . . . Machines Repaired . | . . . . . . Machines Dismantled . | . . . . . . Machines Sabotaged . | . . . . . . Overloaded Fab Kills . | . . . . . . Hacking | -11 -10 -10 -10 -9 -8 --------- Run | Yrd Mat Min Exi Min Mat Machines Accessed 7 | . 4 1 1 . 1 Terminals 6 | . 4 1 . . 1 Fabricators . | . . . . . . Repair Stations . | . . . . . . Recycling Units . | . . . . . . Scanalyzers . | . . . . . . Garrison Access . | . . . . . . Total Hacks 14 | . 9 1 1 . 3 Successful 9 | . 4 1 1 . 3 Failed 5 | . 5 . . . . Catastrophic . | . . . . . . Database Lockouts . | . . . . . . Manual 12 | . 7 1 1 . 3 Terminals 13 | . 9 1 . . 3 Fabricators . | . . . . . . Repair Stations . | . . . . . . Recycling Units . | . . . . . . Scanalyzers . | . . . . . . Garrison Access . | . . . . . . Terminal Hacks 4 | . . 1 1 . 2 Part Schematic 2 | . . . . . 2 Prototype ID Bank 1 | . . 1 . . . Proto ID Catalog 1 | . . . 1 . . Fabricator Hacks . | . . . . . . Repair Station Hacks . | . . . . . . Recycling Unit Hacks . | . . . . . . Scanalyzer . | . . . . . . Garrison Access Hacks . | . . . . . . Unauthorized Hacks 5 | . 4 . . . 1 Terminals 5 | . 4 . . . 1 Botnet 5 | . 4 . . . 1 Fabricators . | . . . . . . Repair Stations . | . . . . . . Recycling Units . | . . . . . . Scanalyzers . | . . . . . . Garrison Access . | . . . . . . Data Cores Recovered . | . . . . . . Used . | . . . . . . Hacking Detections 5 | . 4 . . . 1 Full Trace Events . | . . . . . . Feedback Events . | . . . . . . Feedback Blocked . | . . . . . . Robot Schematics Acquired . | . . . . . . Robots Built . | . . . . . . Authchips . | . . . . . . Time . | . . . . . . Total Robot Build Rating . | . . . . . . Part Schematics Acquired 2 | . . . . . 2 Parts Built . | . . . . . . Authchips . | . . . . . . Time . | . . . . . . Total Part Build Rating . | . . . . . . Part Studies Acquired . | . . . . . . Parts Repaired . | . . . . . . Time . | . . . . . . Parts Recycled . | . . . . . . Recycled Matter . | . . . . . . Retrieved Matter . | . . . . . . Retrieved Components . | . . . . . . Parts Scanalyzed . | . . . . . . Part Schematics Acquired . | . . . . . . Parts Damaged . | . . . . . . Bothacking | -11 -10 -10 -10 -9 -8 ------------ Run | Yrd Mat Min Exi Min Mat Used RIF Installer . | . . . . . . Robots Hacked . | . . . . . . Non-combat . | . . . . . . Combat . | . . . . . . Robot Hacks Applied . | . . . . . . Relay Couplers Released . | . . . . . . Fabnet Peak Effective % . | . . . . . . Robots Rewired . | . . . . . . Allies Hacked . | . . . . . . Hacks Repelled . | . . . . . . Allies | -11 -10 -10 -10 -9 -8 -------- Run | Yrd Mat Min Exi Min Mat Total Allies 5 | . . 2 . 3 . Largest Group 3 | . . 2 . 3 3 Highest-Rated Group 45 | . . 45 . 40 40 Highest-Rated Ally 31 | . . 31 . 16 16 Total Orders . | . . . . . . Ally Attacks 33 | . . 16 . . 17 Total Damage 447 | . . 291 . . 156 Kills 4 | . . 4 . . . Allies Corrupted . | . . . . . . Allies Melted . | . . . . . . Intel | -11 -10 -10 -10 -9 -8 ------- Run | Yrd Mat Min Exi Min Mat Active Infowar (turns) . | . . . . . . Robot Analysis Total . | . . . . . . Derelict Logs Recovered 3 | . . 1 . 2 . Drone Launches . | . . . . . . Drone Recoveries . | . . . . . . Exploration | -11 -10 -10 -10 -9 -8 ------------- Run | Yrd Mat Min Exi Min Mat Turns Passed 4460 | 65 1214 1949 560 527 145 Spaces Moved 1474 | 33 447 493 233 219 49 Core 2 | 2 . . . . . Treads 1472 | 31 447 493 233 219 49 Legs . | . . . . . . Wheels . | . . . . . . Hover . | . . . . . . Flight . | . . . . . . Fastest Speed 50 | 50 160 240 240 240 240 Average Speed 217 | 153 173 240 240 240 240 Slowest Speed 240 | 160 240 240 240 240 240 Overloaded Moves . | . . . . . . Propulsion Burnouts . | . . . . . . Robots Hopped . | . . . . . . Potential Cave-ins . | . . . . . . Cave-ins Triggered . | . . . . . . Exploration Rate (%) 50 | 3 78 88 59 67 5 Regions Visited 5 Branch Regions 3 Pre-discovered Areas 2 | . . 1 . 1 . Known Exits Taken . | . . . . . . Unknown Exits Taken 5 | 1 1 1 1 1 . Scrap Searched 2 | . . 1 . 1 . Spaces Dug . | . . . . . . Terrain Destroyed 4 | . 3 1 . . . Melee . | . . . . . . Projectile . | . . . . . . AOE 4 | . 3 1 . . . Terrain Rammed . | . . . . . . Walls Destroyed . | . . . . . . Machines Disabled . | . . . . . . Actions | -11 -10 -10 -10 -9 -8 --------- Run | Yrd Mat Min Exi Min Mat Total 2499 | 43 726 1215 235 220 60 Wait 856 | . 165 689 . 1 1 Move 1469 | 32 446 492 232 218 49 Hop . | . . . . . . Pick Up 20 | 4 8 7 1 . . Fast Attach 13 | 6 5 1 . . 1 Attach 3 | . 2 1 . . . Detach . | . . . . . . Swap 4 | . 3 . 1 . . Drop 4 | . 3 . 1 . . Fire 130 | 1 94 25 . 1 9 Melee . | . . . . . . Ram . | . . . . . . Kick . | . . . . . . Crush . | . . . . . . Escape Stasis . | . . . . . . Rewire . | . . . . . . Trap . | . . . . . . Miscellaneous . | . . . . . . Route ------- -11/Scrapyard -10/Materials (discovered 3 exits: [*Mat x2] / *Min) -10/Mines (discovered 3 exits: [*Mat] / *Exi / [*Sub]) -10/Exiles (discovered 2 exits: [*Min x2]) -9/Mines -8/Materials History --------- Turn | Location | Event 7 | -11/Scrapyard | Discovered new exit (range 15) 66 | -11/Scrapyard | Entered Materials 314 | -10/Materials | Build established: Mutant 327 | -10/Materials | Discovered new exit (range 11) 765 | -10/Materials | Discovered new exit (range 6) 989 | -10/Materials | Discovered new exit (range 11) 1112 | -10/Materials | Core integrity fell below 50% 1280 | -10/Materials | Entered Mines 1331 | -10/Mines | Found a damaged Exp. Sensor Array with a note attached 1534 | -10/Mines | Discovered new exit (range 6) 1690 | -10/Mines | Discovered new exit (range 14) 1697 | -10/Mines | Received a Rocket Launcher from a helpful Derelict 2170 | -10/Mines | Learned location of Zion (-6) 2468 | -10/Mines | Excavation squad dispatched 2468 | -10/Mines | A large section of the Mines collapsed 2718 | -10/Mines | Excavation squad dispatched 2968 | -10/Mines | Excavation squad dispatched 3166 | -10/Mines | Deemed a non-threat by the Exiles lab entrance 3169 | -10/Mines | Discovered new exit (range 5) 3229 | -10/Mines | Entered Exiles 3261 | -10/Exiles | Discovered new exit (range 15) 3287 | -10/Exiles | Met 8R-AWN 3328 | -10/Exiles | Met EX-HEX 3393 | -10/Exiles | Met EX-BIN 3421 | -10/Exiles | Aligned with FarCom system 3424 | -10/Exiles | Given EX-Vault access code 3479 | -10/Exiles | Opened EX-Vault 3498 | -10/Exiles | Found XL Autogun Array 3550 | -10/Exiles | Warned to stay clear of 0b10 Research branches 3622 | -10/Exiles | Met EX-DEC 3767 | -10/Exiles | Discovered new exit (range 10) 3789 | -10/Exiles | Left Exiles lab with XL Autogun Array 3789 | -10/Exiles | Entered Mines 3880 | -9/Mines | Met a Derelict bent on vengeance 3950 | -9/Mines | Learned location of Storage (-7) 3967 | -9/Mines | Learned Materials non-interactive machine intel 4294 | -9/Mines | Discovered new exit (range 6) 4308 | -9/Mines | Assisted by bots powering up and referring to "LRC-V3" 4316 | -9/Mines | Entered Materials 4316 | -8/Materials | Accompanied by 3 allies 4316 | -8/Materials | Evolved 4 slots: Propulsion x2, Weapon x2 4317 | -8/Materials | Loaded intel: 40 non-interactive machine locations 4461 | -8/Materials | Self-destructed Last Messages --------------- >>Schematic(Huge Storage Unit) Downloading schematic... Huge Storage Unit Rating: 1 Schematic downloaded. 04421_ K-01 Serf collects debris. 04442_ Mercenary 2a destroyed. 04443_ K-01 Serf collects debris. 04445_ G-47 Trooper destroyed. 04447_ K-01 Serf cleans the Pressure Siphon. 04452_ Lgt. Treads destroyed. 04453_ G-47 Trooper suffers critical hit (Burn). 04454_ K-01 Serf collects debris. 04454_ Trooper 2a destroyed. 04455_ G-47 Trooper destroyed. 04457_ K-01 Serf collects debris. 04458_ Trooper 2b destroyed. 04458_ G-50 Soldier destroyed. 04459_ Lgt. Treads destroyed. Map ----- +----------------------------------------------------+ | ???"""?"""???????"""??????????????? | | ???"""?"""????????????????????????? | | ???"""?"""????????????????????????? | | ??????????????????????????????????? | | ??????????????????????????????????? | | ??????????????????????????????????? | | ??????????????????????????????????? | | ??????????+???????????????????????? | | ?????????# #??????????????????????? | | ?????????# #?????????????"????????? | | ?????????# #? ????????????????????? | | ?????????# #? ????????????????????? | | ?????????# ## ????????????????????? | | ?????????# ## ????????????????????? | | ?????????# ## ????????????????????? | | ?????????# ## ????????????????????? | | ????###### ## ????????????????????? | | ???##"T"## ## #???????????????????? | | ?### ## #######?????????????? | | ?#"" ## #?????????????? | | ?#"" ##h #?????????????? | | ?#"T ## #?????????"""?? | | ?#"" k""" ## * #?????????"""?? | | ?#"" """ ## =%g #?????????"""?? | | ?### """ *%%! % #?????????????? | | ???# """ @!*=### #?????????????? | | ???# = % #?# ??????????? | | ???# % =#?# #??????? | | ???####T#####g#?# #??????? | | ??????###???#g#?#######+####??????? | | ????????????# #???????????????????? | | ????????????# #???????????????????? | | ????????????# #???????????????????? | | ????????????# #?????"""?"""???????? | | ????????????? #????"""""""""??????? | | ????????????? ????????"""""???????? | | ????????????? ????????????????????? | | ????????????? ????????????????????? | | ????????????? ????????????????????? | | ????????????? ????????????????????? | | ????????????? ????????????????????? | | ??????????????????????????????????? | | ??????????????????????????????????? | | ??????"""?????????????????????????? | | ??????"""?????????????????????????? | | ??????"""?????????????????????????? | | ??????????????????????????????????? | | ??????????????????????????????????? | | ??????????????????????????????????? | | ??????????????????????????????????? | +----------------------------------------------------+ Best States ------------- Heat Dissipation 31 Energy Generation 10 Energy Capacity 250 Matter Stores 300 Matter Capacity 300 Sight Range 16 Terrain Scan Density 10 Core Shielding 20 Propulsion Shielding 33 Evasion (%) 40 Recoil Reduction 2 Item Schematics ----------------- Hcp. Storage Unit | -8/Materials | Hacked Huge Storage Unit | -8/Materials | Hacked Robot Schematics ------------------ None Fabricated ------------ Nothing Repaired ---------- Nothing Studied --------- None Alien Tech Used ----------------- None Achievements -------------- None Challenges ------------ None Game ------ Seed BorgDecoderDesublimator Manual? 0 Play Time 00:10:34 Cumulative 423.9 hours Start 2026.07.06 @ 19:26:01 End 2026.07.06 @ 19:35:36 Sessions 1 Manual Loads 0 Difficulty Rogue Special Mode None Game No. 388 Rogue 388 Adventurer 0 Explorer 0 Win Type - Total 11 Types 7/0/2/1/0/0/0/0/0/1 Lore% 61 Gallery% 68 Achievement% 64 Wizard Run 0 Options --------- Layout 1 ASCII 0 Keyboard 0 Movement Mouse Keybinds 0 Fullscreen 2 Font 24/Cog Map View 50x35 Zoom Use 22% Tactical HUD 1 Map Filters NONE Filters NONE Steam 1 RUN: 940239f8-7b8e-4404-a76a-af9118596745